 Dungeon Crawl Stone Soup version 0.30-a0-748-ge6a52f7cba (webtiles) character file.

Game seed: 10166893751763718481

7879 mistaj the Slicer (level 11, 0/63 HPs)
             Began as a Vine Stalker Fighter on Feb 8, 2023.
             Was an Elder of Okawaru.
             Succumbed to a killer bee's poison
             ... on level 9 of the Dungeon.
             The game lasted 00:22:02 (9272 turns).

mistaj the Slicer (Vine Stalker Fighter)            Turns: 9272, Time: 00:22:03

Health: 0/63       AC:  8    Str: 23    XL:     11   Next: 22%
Magic:  13/21      EV:  4    Int: 14    God:    Okawaru [****..]
Gold:   704        SH: 15    Dex: 14    Spells: 10/10 levels left

rFire   . . .      SeeInvis .    s - +3 short sword (speed)
rCold   . . .      Faith    .    D - +0 tower shield
rNeg    . . .      Spirit   +    i - +0 chain mail
rPois   +          Reflect  .    E - +0 hat
rElec   .          Harm     .    (no cloak)
rCorr   .          Rampage  .    (no gloves)
Will    +....                    (no boots) Stlth
                                 z - amulet of magic regeneration
HPRegen 1.10/turn                B - ring of poison resistance
MPRegen 0.57/turn                u - ring "Qadeb" {MP+9 Int+6}

@: lethally poisoned (0 -> -4)
A: fangs 3, regeneration 1, magic shield, antimagic bite, no potion heal 2
a: Renounce Religion, Heroism, Finesse


You were on level 9 of the Dungeon.
You worshipped Okawaru.
Okawaru was greatly pleased with you.
You visited 1 branch of the dungeon, and saw 9 of its levels.
You also visited: Ossuary.

You collected 704 gold pieces.

Inventory:

Hand Weapons
 p - the +5 dagger "Rear" {flame, rPois Dex+5}
   (You found it on level 3 of the Dungeon)

   Dex:       It affects your dexterity (+5).
   rPois:     It protects you from poison.
 s - a +3 short sword of speed (weapon)
 x - a +1 scimitar of flaming
 y - a +2 dagger of venom
Armour
 i - a +0 chain mail (worn)
 D - a +0 tower shield (worn)
 E - a +0 hat (worn)
Jewellery
 r - a ring of protection from fire
 u - the ring "Qadeb" (right hand) {MP+9 Int+6}
   (You found it in an ossuary)

   [ring of magical power]

   Int:       It affects your intelligence (+6).
   MP:        It affects your magic capacity (+9).
 v - a ring of protection from cold
 w - a ring of resist corrosion
 z - an amulet of magic regeneration (around neck)
 B - a ring of poison resistance (left hand)
Wands
 q - a wand of flame (10)
 C - a wand of quicksilver (4)
Scrolls
 e - a scroll of enchant armour
 h - 4 scrolls of fog
 j - 4 scrolls of teleportation
 l - a scroll of fear {unknown}
Potions
 a - a potion of cancellation {unknown}
 b - 3 potions of curing
 c - a potion of magic {unknown}
 d - 4 potions of might
 f - a potion of ambrosia {unknown}
 g - 4 potions of haste
 k - 2 potions of invisibility
 m - a potion of attraction
 n - 3 potions of brilliance
 o - 3 potions of resistance
 t - a potion of flight
 A - a potion of lignification {unknown}


   Skills:
 + Level 9.7 Fighting
 + Level 10.8 Short Blades
 - Level 2.4 Armour
 + Level 7.3 Shields


You had 10 spell levels left.
You didn't know any spells.
Your spell library contained the following spells:

 Spells                   Type           Power      Damage    Failure   Level
 Ensorcelled Hibernation  Hex/Ice        0%         N/A       100%        2
 Lesser Beckoning         Tloc           0%         N/A       100%        2
 Passwall                 Tmut/Erth      0%         N/A       100%        2
 Gell's Gravitas          Tloc           0%         N/A       100%        3
 Hailstorm                Conj/Ice       0%         3d3       100%        3
 Swiftness                Air            0%         N/A       100%        3
 Teleport Other           Tloc           0%         N/A       100%        3
 Ice Form                 Ice/Tmut       0%         N/A       100%        4
 Eringya's Noxious Bog    Tmut/Pois      0%         N/A       100%        6
 Summon Forest            Summ/Tloc      Unusable   N/A       N/A         5
 Simulacrum               Ice/Necr       Unusable   N/A       N/A         6
 Summon Hydra             Summ           Unusable   N/A       N/A         7

Dungeon Overview and Level Annotations

Branches:
Dungeon (9/15)             Temple (0/1) D:7             Orc (0/2) D:9
Ossuary (visited)
   Lair: D:8-11

Altars:
Dithmenos
Gozag
Kikubaaqudgha
Makhleb
Nemelex Xobeh
Okawaru
Sif Muna
Wu Jian
Xom
Yredelemnul
Zin
The Shining One

Annotations:
D:6 3 runed translucent doors, Aneyh's ghost, amateur TeMo
D:8 3 runed translucent doors


Innate Abilities, Weirdness & Mutations

You have razor-sharp teeth.
Your natural rate of healing is unusually fast.
When hurt, damage is shared between your health and your magic reserves.
Your bite disrupts and absorbs the magic of your enemies.
Potions cannot restore your health.


Message History

The killer bee poisons you!
You hit the killer bee.
The killer bee is heavily wounded.
You feel very sick. The killer bee stings you.
* * * LOW HITPOINT WARNING * * *
You are lethally poisoned!
The killer bee poisons you!
The killer bee stings you but does no damage.
You miss the killer bee. Your bite misses the killer bee.
The killer bee is heavily wounded.
* * * LOW HITPOINT WARNING * * *
You feel very sick. You block the killer bee's attack.
The killer bee stings you but does no damage.
The killer bee stings you.
* * * LOW HITPOINT WARNING * * *
The killer bee barely misses you.
You hit the killer bee. You bite the killer bee.
You kill the killer bee!
Okawaru accepts your kill.
* * * LOW HITPOINT WARNING * * *
You feel very sick.
The killer bee stings you but does no damage.
* * * LOW HITPOINT WARNING * * *
You feel very sick. You block the killer bee's attack. x2
Things that are here:
a killer bee corpse; a killer bee corpse You puncture the killer bee!
Your bite misses the killer bee.
The killer bee is heavily wounded.
* * * LOW HITPOINT WARNING * * *
You feel sick. You block the killer bee's attack.
You hit the killer bee but do no damage.
The killer bee is heavily wounded.
* * * LOW HITPOINT WARNING * * *
You feel sick. You block the killer bee's attack.
You hit the killer bee. Your bite misses the killer bee.
The killer bee is severely wounded.
You die...

#################################
.................................
.................................
..##.............####............
.......#.........# #............
.......#.........# #...#######..
.......#.........# #...# #..
.......#.........# #...# #..
.......(.......y@# #...#######..
......########'#(####............
......#.......y#.................
......#........#......###########
......+........#......#.........#
..#...#........#......#.........#
..#...#........#......'.........#
..#...###'######......#.........#
..#...#........#......#.........#


You could see a killer bee.

Vanquished Creatures
  Erica (D:8)
  A kobold demonologist (D:5)
  A hornet (D:8)
  Prince Ribbit (D:8)
  10 yaks (D:9)
  A wyvern (D:9)
  Eustachio (D:5)
  Grum (D:8)
  2 steam dragons
  A water moccasin (D:7)
  2 ice beasts (D:7)
  An orc warrior (D:9)
  4 wolves (D:8)
  2 centaurs
  3 phantoms
  2 kobold brigands
  A bullfrog (D:8)
  3 necrophages
  13 scorpions
  A gnoll sergeant (D:8)
  4 wights (D:7)
  4 killer bees
  A centaur zombie (Ossuary)
  3 howler monkeys
  4 hounds
  10 orc priests
  A human zombie (Ossuary)
  4 jellies
  Jessica (D:2)
  4 iguanas (D:5)
  19 orc wizards
  3 scorpion zombies (Ossuary)
  4 mummies
  5 adders
  16 gnolls
  2 shadow imps
  A white imp (D:7)
  2 ufetubi
  2 worms
  A dart slug (D:2)
  57 orcs
  3 ball pythons
  4 bats
  7 endoplasms
  5 giant cockroaches
  5 gnoll zombies (Ossuary)
  10 goblins
  7 hobgoblins
  8 jackals
  14 kobolds
  3 quokkas
  2 frilled lizards (D:1)
  3 goblin zombies (Ossuary)
  4 kobold zombies (Ossuary)
  An orc zombie (Ossuary)
  7 rats
283 creatures vanquished.

Vanquished Creatures (others)
  8 plants (D:8)
  A withered plant (D:4)
9 creatures vanquished.

Grand Total: 292 creatures vanquished

Notes
Turn   | Place    | Note
-------+----------+-------------------------------------------
     0 | D:1      | mistaj the Vine Stalker Fighter began the quest for the
                  | Orb.
     0 | D:1      | Reached XP level 1. HP: 11/11 MP: 2/2
    40 | D:1      | Reached skill level 2 in Short Blades
    54 | D:1      | Reached XP level 2. HP: 5/16 MP: 1/3
   508 | D:1      | Reached XP level 3. HP: 18/19 MP: 4/4
  1136 | D:2      | Gained mutation: Your natural rate of healing is unusually
                  | fast. [Vine Stalker growth]
  1136 | D:2      | Reached XP level 4. HP: 23/23 MP: 5/5
  1178 | D:2      | Reached skill level 3 in Short Blades
  1317 | D:2      | Noticed Jessica
  1320 | D:2      | Killed Jessica
  1645 | D:3      | Reached XP level 5. HP: 27/27 MP: 6/6
  1931 | D:3      | Identified the +5 dagger "Rear" {flame, rPois Dex+5}
  2582 | D:4      | Found an ancient bone altar of Kikubaaqudgha.
  2591 | D:4      | Reached skill level 4 in Short Blades
  2612 | D:4      | Reached XP level 6. HP: 32/32 MP: 7/7
  2698 | D:4      | Reached skill level 5 in Shields
  2740 | D:4      | Reached XP level 7. HP: 22/35 MP: 5/8
  2743 | D:4      | Reached skill level 5 in Short Blades
  3097 | D:5      | Entered Level 5 of the Dungeon
  3199 | D:5      | Found a sparkling altar of Nemelex Xobeh.
  3296 | D:5      | Noticed a kobold demonologist
  3304 | D:5      | Noticed a soul eater
  3311 | D:5      | Killed a kobold demonologist
  3312 | D:5      | Reached skill level 6 in Short Blades
  3312 | D:5      | Gained mutation: You have razor-sharp teeth. [Vine Stalker
                  | growth]
  3312 | D:5      | Reached XP level 8. HP: 10/42 MP: 1/9
  3468 | D:5      | Noticed Eustachio
  3503 | D:5      | Killed Eustachio
  3567 | D:5      | Found an iron altar of Okawaru.
  3586 | D:5      | Became a worshipper of Warmaster Okawaru
  3800 | D:5      | Reached skill level 7 in Short Blades
  3814 | D:5      | Reached skill level 5 in Fighting
  4243 | D:5      | Reached * piety under Okawaru
  4244 | D:5      | Reached XP level 9. HP: 45/47 MP: 10/10
  4621 | D:6      | Found a sand-covered staircase.
  4630 | Ossuary  | Entered an ossuary
  4728 | Ossuary  | Reached skill level 8 in Short Blades
  4762 | Ossuary  | Identified the ring "Qadeb" {MP+9 Int+6}
  5102 | D:6      | Found an ornate altar of the Wu Jian Council.
  5141 | D:6      | Found a runed translucent gate.
  5141 | D:6      | Found a runed translucent gate.
  5141 | D:6      | Found a runed translucent gate.
  5141 | D:6      | Noticed Aneyh's ghost (amateur TeMo)
  5171 | D:6      | Reached ** piety under Okawaru
  5532 | D:7      | Reached skill level 9 in Short Blades
  5558 | D:7      | Found a burning altar of Makhleb.
  5558 | D:7      | Found a glowing golden altar of the Shining One.
  5640 | D:7      | Reached XP level 10. HP: 53/56 MP: 11/11
  6088 | D:7      | Found a staircase to the Ecumenical Temple.
  6242 | D:7      | Found a glowing silver altar of Zin.
  6242 | D:7      | Found an opulent altar of Gozag.
  6455 | D:8      | Noticed Erica
  6477 | D:8      | Killed Erica
  6622 | D:8      | Noticed Grum
  6648 | D:8      | Reached *** piety under Okawaru
  6723 | D:8      | Killed Grum
  6913 | D:8      | Reached skill level 10 in Short Blades
  6966 | D:8      | Noticed a boulder beetle
  7172 | D:8      | Found a shimmering altar of Xom.
  7376 | D:8      | Noticed Prince Ribbit
  7395 | D:8      | Killed Prince Ribbit
  7497 | D:8      | Paralysed by a hornet for 2 turns
  7574 | D:8      | Found a shimmering blue altar of Sif Muna.
  7578 | D:8      | Found a shadowy altar of Dithmenos.
  7612 | D:8      | Paralysed by a hornet for 2 turns
  7622 | D:8      | Reached **** piety under Okawaru
  7779 | D:8      | Found a runed translucent gate.
  7779 | D:8      | Found a runed translucent gate.
  7779 | D:8      | Found a runed translucent gate.
  7780 | D:8      | Noticed a glowing orange brain
  7780 | D:8      | Noticed a red ugly thing
  7780 | D:8      | Noticed a red ugly thing
  7781 | D:8      | Noticed a cyan ugly thing
  7781 | D:8      | Noticed a cyan ugly thing
  7783 | D:8      | Noticed a white ugly thing
  8023 | D:9      | Found a basalt altar of Yredelemnul.
  8366 | D:9      | Found a staircase to the Orcish Mines.
  8849 | D:9      | Reached XP level 11. HP: 62/62 MP: 12/12
  9261 | D:9      | Received a gift from Okawaru
  9270 | D:9      | HP: 3/63 [poisoned by a killer bee]
  9271 | D:9      | HP: 1/63 [poisoned by a killer bee]
  9272 | D:9      | Succumbed to a killer bee's poison

Illustrated notes

Levels and vault maps discovered:
D:1:      dpeg_arrival_tiny_h, layout_loops_cross
D:2:      layout_rooms, lemuel_flame_loot_1, uniq_jessica
D:3:      layout_basic
D:4:      layout_rooms, kiku_gazebo_garden_becter, minmay_bent
D:5:      layout_basic, nemelex_xobeh_ov_fountains_minmay,
          kennysheep_okawaru_gauntlet, uniq_eustachio
D:6:      layout_cave_pools, mainiacjoe_overflow_chevrons,
          nicolae_overflow_hidden_temple, ebering_ghost_rock_garden,
          gup_ossuary_entry_pyramid
D:7:      nicolae_cairo_tiling_large, layout_loops_corners,
          grunt_temple_overflow_gold_and_silver, gammafunk_temple_overflow_wave,
          minmay_temple_entry_arrows
D:8:      minmay_goldmine, layout_basic, nicolae_sif_muna_little_library,
          dk_xom_monty_hall, grunt_dithmenos_smoke,
          ploomutoo_gammafunk_ghost_potion_laboratory, serial_bayou_pond_b,
          uniq_erica, uniq_grum, uniq_prince_ribbit1, uniq_maggie
D:9:      layout_stronghold, mainiacjoe_overflow_alcove_2,
          kennysheep_little_box, hiddenorc1_lemuel

Skill      XL: |  1  2  3  4  5  6  7  8  9 10 11 |
---------------+----------------------------------+-----
Short Blades   | 2 3 4 6 7 9 10 | 10.8
Shields        | 3 4 5 6 7 |  7.3
Fighting       | 3 5 7 9 |  9.7
Armour         | |  2.4

Action                     |  1- 3 |  4- 6 |  7- 9 | 10-12 || total
---------------------------+-------+-------+-------+-------++-------
  Melee: Rapier            |    34 |       |       |       ||    34
         Bite              |    24 |    41 |   139 |   217 ||   421
         Dagger            |    61 |   156 |   306 |       ||   523
         Short sword       |       |       |    51 |   622 ||   673
    Use: Scroll            |     2 |     8 |     7 |     8 ||    25
         Potion            |       |       |       |     1 ||     1
 Armour: Scale mail        |    47 |    23 |       |       ||    70
         Chain mail        |       |    25 |   119 |   111 ||   255
  Dodge: Dodged            |    50 |    43 |    63 |    70 ||   226
  Block: Buckler           |    21 |    47 |   105 |    34 ||   207
         Kite shield       |       |       |       |    93 ||    93
         Tower shield      |       |       |       |    55 ||    55

Table legend: (Time is in decaauts)
 A = Elapsed time spent in this place.
 B = Non-inter-level travel time spent in this place.
 C = Inter-level travel time spent in this place.
 D = Time resting spent in this place.
 E = Time spent auto-exploring this place.
 F = Levels seen in this place.
 G = Mean time per level.
                   A        B        C        D        E       F      G
               +--------+--------+--------+--------+--------+-----+--------+
         Total |   8782 |   8509 |    273 |   1207 |   4691 |  10 |  878.2 |
       Dungeon |   8454 |   8181 |    273 |   1199 |   4691 |   9 |  939.3 |
       Ossuary |    327 |    327 |      0 |      8 |      0 |   1 |  327.0 |
               +--------+--------+--------+--------+--------+-----+--------+

Top non-repeatable levels by time:
     D:5: 1371 daAuts
     D:8: 1185 daAuts
     D:9: 1151 daAuts
     D:7: 1143 daAuts
     D:3: 910 daAuts
     D:1: 882 daAuts
     D:2: 658 daAuts
     D:4: 623 daAuts
     D:6: 528 daAuts
 Ossuary: 327 daAuts
